 Dungeon Crawl Stone Soup version 0.19-a0-1886-gd64a0f0 (webtiles) character file.

118 Alarkh the Caller (level 4, -5/30 HPs)
             Began as a Mummy Summoner on Oct 16, 2016.
             Killed by divine providence
             ... invoked by an orc priest
              (13 damage)
             ... on level 3 of the Dungeon.
             The game lasted 00:02:51 (2049 turns).

Alarkh the Caller (Mummy Summoner)                  Turns: 2049, Time: 00:02:52

Health: -5/30      AC:  3    Str: 11    XL:     4   Next: 72%
Magic:  1/9        EV: 12    Int: 15    God:
Gold:   67         SH:  0    Dex: 12    Spells: 2 memorised, 6 levels left

rFire  x . .     SeeInvis +     h - +0 spear (flame)
rCold  + . .     Gourm    .     a - +0 robe
rNeg   + + +     Faith    .     (no shield)
rPois  ∞         Spirit   .     (no helmet)
rElec  .         Dismiss  .     g - +0 cloak
rCorr  .         Reflect  .     (no gloves)
MR     .....     Harm     .     (no boots)
Stlth  ++........               (no amulet)
                                (no ring)
                                e - ring of see invisible

@: no status effects
A: no food or potions, fire vulnerability, cold resistance 1, negative energy
resistance 3, torment resistance, unbreathing
a: no special abilities


You were on level 3 of the Dungeon.
You were not hungry.

You visited 1 branch of the dungeon, and saw 3 of its levels.

You collected 67 gold pieces.

Inventory:

Hand Weapons
 d - a +0 spear
 h - a +0 spear of flaming (weapon)
Armour
 a - a +0 robe (worn)
 g - a +0 cloak (worn)
Jewellery
 e - a ring of see invisible (left hand)
Scrolls
 c - a scroll of teleportation
 f - 2 scrolls of identify {unknown}
Books
 b - a book of Callings

   Spells                             Type                      Level
   a - Summon Small Mammal            Summoning                    1
   b - Call Imp                       Summoning                    2
   c - Call Canine Familiar           Summoning                    3
   d - Summon Guardian Golem          Hexes/Summoning              3
   e - Summon Lightning Spire         Summoning/Air                4
   f - Summon Ice Beast               Ice/Summoning                4


   Skills:
 - Level 1.5 Dodging
 - Level 1.5 Stealth
 + Level 3.5 Spellcasting
 + Level 4.2 Summonings


You had 6 spell levels left.
You knew the following spells:

 Your Spells              Type           Power        Failure   Level  Hunger
a - Call Canine Familiar  Summ           ###.....     12%         3    N/A
b - Summon Small Mammal   Summ           ###.         3%          1    N/A

Dungeon Overview and Level Annotations

Branches:
Dungeon (3/15)

Altars:


Innate Abilities, Weirdness & Mutations

You do not eat or drink.
Your flesh is vulnerable to fire.
You are immune to poison.
Your flesh is cold resistant. (rC+)
You are immune to negative energy. (rN+++)
You are immune to unholy pain and torment.
You can survive without breathing.


Message History

Unknown command.
You hit the orc priest but do no damage.
The orc priest is heavily wounded.
The orc priest misses you.
You hit the orc priest but do no damage.
The orc priest is heavily wounded.
Your hound closely misses the orc priest.
The orc priest invokes the aid of Beogh against you.
You struggle to resist.
Your hound barely misses the orc priest.
You hit the orc priest but do no damage.
The orc priest is heavily wounded.
Your hound misses the orc priest. The orc priest hits you with a dagger!
* * * LOW HITPOINT WARNING * * *
Your hound bites the orc priest but does no damage.
The orc priest hits you but does no damage.
Your hound bites the orc priest but does no damage.
The orc priest calls down the wrath of Beogh upon you.
Beogh smites you!
You die...

........†.>.#####
###...#.#.......#
#...#.........#
#.. ##..o.....#
######.o......#
#...###o..#####
#........#########
#......#.##......#
#......#.##.h@...#
##.....#†##.o....#
#.......).......#
######...##.#####
#.....<#)#
#.##...#.#
#.##...#.#
#%###††..#
#........#


You could see an orc priest and a friendly hound.

Vanquished Creatures
  2 orc wizards (D:3)
  A dart slug (D:1)
  An orc (D:3)
  2 giant cockroaches (D:1)
  4 goblins
  3 hobgoblins
  2 jackals (D:3)
  A quokka (D:3)
  2 ball pythons
  6 bats
  3 frilled lizards
  9 kobolds
  5 rats
41 creatures vanquished.

Vanquished Creatures (collateral kills)
  3 adders
  A worm (D:3)
  A dart slug (D:1)
  A leopard gecko (D:2)
  2 orcs (D:3)
  4 bats
  2 giant cockroaches
  A hobgoblin (D:2)
  2 jackals (D:3)
  A ball python (D:3)
  A frilled lizard (D:1)
  A goblin (D:2)
  3 kobolds (D:2)
23 creatures vanquished.

Grand Total: 64 creatures vanquished

Notes
Turn   | Place    | Note
-------+----------+-------------------------------------------
     0 | D:1      | Alarkh the Mummy Summoner began the quest for the Orb.
     0 | D:1      | Reached XP level 1. HP: 13/13 MP: 3/3
   366 | D:1      | Reached XP level 2. HP: 11/19 MP: 1/5
   953 | D:2      | Reached XP level 3. HP: 9/24 MP: 2/7
   958 | D:2      | Learned a level 3 spell: Call Canine Familiar
  1802 | D:3      | Reached skill level 4 in Summonings
  1802 | D:3      | Reached XP level 4. HP: 30/30 MP: 4/8
  2049 | D:3      | Killed from afar by an orc priest

Vault maps used:
D:1:      lemuel_arrival_river_ford, st_stairs_9, roderic_lattice_a
D:3:      old_standard_altar

Skill      XL: |  1  2  3 |
---------------+----------+-----
Spellcasting   | 3 |  3.5
Summonings     | 4 |  4.2
Dodging        | |  1.5
Stealth        | |  1.5

Action                   |  1- 3 |  4- 6 || total
-------------------------+-------+-------++-------
Melee: Unarmed           |    37 |       ||    37
       Spear             |    93 |    53 ||   146
 Cast: Summon Small Mamm |    18 |       ||    18
       Call Canine Famil |     9 |     7 ||    16
  Use: Scroll            |     1 |       ||     1
 Stab: Sleeping          |     7 |       ||     7
Armor: Robe              |    25 |     8 ||    33
Dodge: Dodged            |    73 |    25 ||    98
